 Dungeon Crawl Stone Soup version 0.29.1-1-gd02db6906a (webtiles) character file.

Game seed: 1379216279102516067

270 Huetiris the Chopper (level 6, -3/53 HPs)
             Began as a Minotaur Fighter on Oct 13, 2022.
             Was an Initiate of Ashenzari.
             Slain by a water moccasin (4 damage)
             ... on level 5 of the Dungeon.
             The game lasted 00:28:20 (4185 turns).

Huetiris the Chopper (Minotaur Fighter)             Turns: 4185, Time: 00:28:27

Health: -3/53      AC:  9    Str: 22    XL:     6   Next: 1%
Magic:  5/5        EV:  8    Int: 11    God:    Ashenzari [......]
Gold:   132        SH:  0    Dex: 10    Spells: 5/5 levels left

rFire   . . .      SeeInvis .   a - +0 war axe
rCold   . . .      Faith    .   n - orb {*Rage}
rNeg    . . .      Spirit   .   i - +0 chain mail
rPois   .          Reflect  .   (helmet restricted)
rElec   .          Harm     .   (no cloak)
rCorr   .          Rampage  .   (no gloves)
Will    .....      Rage     20% (no boots)
Stlth   ..........              (no amulet)
HPRegen 0.17/turn               p - +6 ring of intelligence
MPRegen 0.09/turn               (no ring)

@: lethally poisoned (-3 -> -17), on berserk cooldown, slowed, very slow
A: horns 2, retaliatory headbutt
a: Renounce Religion, Curse Item


You were on level 5 of the Dungeon.
You worshipped Ashenzari.
Ashenzari was noncommittal.
You visited 1 branch of the dungeon, and saw 5 of its levels.

You collected 197 gold pieces.
You spent 65 gold pieces at shops.

Inventory:

Hand Weapons
 a - a +0 war axe (weapon)
 v - a +0 battleaxe
Missiles
 l - 5 poisoned darts
 z - 2 boomerangs
Armour
 b - a +0 scale mail
 c - a +0 buckler
 i - a +0 chain mail (worn)
 m - a +0 scale mail
 n - an orb of wrath (worn)
Jewellery
 p - a +6 ring of intelligence (left hand)
Wands
 y - a wand of iceblast (7)
 B - a wand of quicksilver (8) (quivered)
 C - a wand of charming (5)
Scrolls
 f - 2 scrolls of noise {unknown}
 h - a scroll of blinking {unknown}
 o - 4 scrolls of poison {unknown}
 q - a scroll of silence {unknown}
 s - a scroll of amnesia {unknown}
 t - 2 scrolls of immolation {unknown}
 w - a scroll of acquirement {unknown}
 A - a scroll of vulnerability {unknown}
Potions
 d - 3 potions of might
 e - a potion of degeneration {unknown}
 g - 3 potions of haste
 j - a potion of flight {unknown}
 k - 2 potions of curing
 r - a potion of magic {unknown}
 u - a potion of attraction {unknown}
 x - a potion of heal wounds


   Skills:
 + Level 4.7 Fighting
 + Level 5.4 Axes
 + Level 5.1 Armour
 + Level 0.8 Dodging
 + Level 0.2 Stealth
 + Level 4.1 Shields


You had 5 spell levels left.
You didn't know any spells.
Your spell library contained the following spells:

 Spells                   Type           Power      Damage    Failure   Level
 Ozocubu's Armour         Ice            0%         N/A       100%        3
 Metabolic Englaciation   Hex/Ice        0%         N/A       100%        5
 Simulacrum               Ice/Necr       0%         N/A       100%        6


Dungeon Overview and Level Annotations

Branches:
Dungeon (5/15)
 Temple: D:4-7

Altars:
Ashenzari

Shops:
D:4 !

Portals:
Ossuary: D:5


Innate Abilities, Weirdness & Mutations

You have a pair of horns on your head.
You reflexively headbutt those who attack you in melee.


Message History

You hit the hound. You headbutt the hound.
The hound is heavily wounded.
The hound bites you but does no damage.
You barely miss the hound.
The hound is heavily wounded.
You hear the brisk hiss of an avalanche of sand very nearby.
The hound closely misses you. The hound completely misses you.
A red film seems to cover your vision as you go berserk!
You feel yourself moving faster!
You feel mighty!
You slash the hound!
You kill the hound!
You have reached level 6!
You see here a hound corpse.
You feel a strong urge to attack something.
You feel your anger nearly subside.
You are no longer berserk.
You are exhausted.
You feel yourself slow down.
You open the door.
There is an open door here.
A water moccasin comes into view.
Found a scale mail and 6 stones.
The water moccasin hisses angrily.
The water moccasin bites you.
You are poisoned.
The water moccasin poisons you!
The water moccasin bites you but does no damage.
You barely miss the water moccasin.
You feel extremely sick. The water moccasin bites you.
* * * LOW HITPOINT WARNING * * *
You are lethally poisoned!
The water moccasin poisons you!
The water moccasin bites you but does no damage.
The water moccasin closely misses you.
You barely miss the water moccasin.
* * * LOW HITPOINT WARNING * * *
You feel extremely sick. The water moccasin bites you.
* * * LOW HITPOINT WARNING * * *
The water moccasin bites you.
You die...

.# #....# .. .# ###
#....# .... .###...
##....###..∩. .......
............. . .......
............ .###...(...
..........##.# #.S[.....
...†......... #@# ....
..........# #.# .....
..........######'#......
..........##............
.........###.........###
##'####....'†........#
#.# #....#.........# #.#
#.....#.........#
##.##......###########


You could see a water moccasin.

Vanquished Creatures
  A scorpion (D:4)
  A hound (D:5)
  A jelly (D:5)
  An orc priest (D:5)
  5 adders
  2 worms (D:5)
  2 dart slugs (D:3)
  4 orcs
  4 ball pythons
  4 endoplasms
  2 giant cockroaches
  9 goblins
  8 hobgoblins
  2 jackals (D:2)
  5 quokkas
  4 bats
  3 frilled lizards (D:2)
  3 kobolds
  2 rats
63 creatures vanquished.

Notes
Turn   | Place    | Note
-------+----------+-------------------------------------------
     0 | D:1      | Huetiris the Minotaur Fighter began the quest for the Orb.
     0 | D:1      | Reached XP level 1. HP: 19/19 MP: 0/0
   435 | D:1      | Reached XP level 2. HP: 27/27 MP: 1/1
   826 | D:2      | Reached XP level 3. HP: 32/33 MP: 2/2
   950 | D:2      | Found a faded altar of an unknown god.
  2109 | D:3      | Reached XP level 4. HP: 40/40 MP: 3/3
  2507 | D:4      | Found a broken altar of Ashenzari.
  2518 | D:4      | Became a worshipper of Ashenzari the Shackled
  2707 | D:4      | Noticed a scorpion
  2712 | D:4      | Found Ricij's Distillery.
  2731 | D:4      | Killed a scorpion
  2732 | D:4      | Reached XP level 5. HP: 46/47 MP: 4/4
  2742 | D:4      | Bought a potion of heal wounds for 65 gold pieces
  3846 | D:5      | Entered Level 5 of the Dungeon
  4095 | D:5      | Reached skill level 5 in Axes
  4095 | D:5      | Reached skill level 5 in Armour
  4153 | D:5      | Found a sand-covered staircase.
  4172 | D:5      | Reached XP level 6. HP: 39/53 MP: 5/5
  4181 | D:5      | Noticed a water moccasin
  4185 | D:5      | HP: 1/53 [water moccasin (4)]
  4185 | D:5      | Slain by a water moccasin

Illustrated notes

Levels and vault maps discovered:
D:1:      minmay_arrival_five_plusses, layout_basic
D:2:      layout_loops_ring, hellmonk_ecumenical_altar_inner_sanctum,
          chequers_jeans, nrook_campfire
D:3:      layout_loops_ring
D:4:      layout_basic, mainiacjoe_overflow_tiny_flanked, serial_shops,
          nicolae_shop_stone
D:5:      layout_basic, mainiacjoe_overflow_concentric_impassable,
          enter_ossuary_1, uniq_eustachio

Skill      XL: |  1  2  3  4  5 |
---------------+----------------+-----
Fighting       | 4 |  4.7
Armour         | 4 5 |  5.1
Axes           | 3 4 5 |  5.4
Shields        | 4 |  4.1
Dodging        | |  0.8
Stealth        | |  0.2

Action                   |  1- 3 |  4- 6 || total
-------------------------+-------+-------++-------
Melee: War axe           |    98 |    41 ||   139
       Headbutt          |    12 |     7 ||    19
  Use: Scroll            |     1 |     2 ||     3
Armor: Scale mail        |    17 |       ||    17
       Chain mail        |    47 |    19 ||    66
Dodge: Dodged            |    41 |    18 ||    59
Block: Buckler           |    24 |       ||    24
